 Dungeon Crawl Stone Soup version 0.30.0-3-ga4e48a9924 (webtiles) character file.

Game seed: 11003606050979902264

44746 browni3141 the Marksmeteoran (level 15, -1/101 HPs)
             Began as a Meteoran Hexslinger on May 8, 2023.
             Was the Champion of Okawaru.
             Slain by a death yak (15 damage)
             ... on level 5 of the Lair of Beasts.
             The game lasted 01:17:21 (8719 turns).

browni3141 the Marksmeteoran (Meteoran Hexslinger)  Turns: 8719, Time: 01:17:21

Health: -1/101     AC: 11    Str: 11    XL:     15   Next: 9%
Magic:  25/25      EV: 22    Int: 10    God:    Okawaru [******]
Gold:   387        SH:  0    Dex: 28    Spells: 11/24 levels left

rFire   + . .        w - +7 longbow "Obisotio" {heavy, rN+ Int-5 Stlth+}
rCold   . . .        (shield currently unavailable)
rNeg    + + .        r - +1 leather armour {rF+}
rPois   .            Z - +0 helmet
rElec   +            K - +0 cloak
rCorr   .            P - +0 pair of gloves
SInv    .            u - +1 pair of boots {Stlth+}
Will    ++...        f - amulet of regeneration
Stlth   ++           x - ring "Joof" {Drain rElec rN+ Dex+6}
HPRegen 1.16/turn    R - +4 ring of slaying
MPRegen 0.19/turn

%: no passive effects
@: glowing
A: sense surroundings 2, otherworldly, glowing, explore regen, strong-willed 1,
weak 1
a: Renounce Religion, Heroism, Finesse, Duel


You were on level 5 of the Lair of Beasts.
You worshipped Okawaru.
Okawaru was exalted by your worship.
You visited 5 branches of the dungeon, and saw 20 of its levels.
You also visited: Volcano.

You collected 1823 gold pieces.
You spent 1436 gold pieces at shops.

Inventory:

Hand Weapons
 a - a +1 sling
 v - a +0 shortbow of flaming
 w - the +7 longbow "Obisotio" (weapon) {heavy, rN+ Int-5 Stlth+}
   (Okawaru gifted it to you on level 11 of the Dungeon)

   Int:       It affects your intelligence (-5).
   rN:        It protects you from negative energy.
   Stlth:     It makes you more stealthy.
 S - a +0 arbalest
Missiles
 J - 3 datura-tipped darts
 W - a curare-tipped dart
Armour
 c - a +0 robe
 q - +2 fire dragon scales
 r - a +1 leather armour of fire resistance (worn)
 u - a +1 pair of boots of stealth (worn)
 y - the +3 leather armour of Sunlight {-Tele rF+ rCorr Dex+3}
   (You bought it in a shop on level 2 of the Orcish Mines)

   Dex:       It affects your dexterity (+3).
   rF:        It protects you from fire.
   -Tele:     It prevents most forms of teleportation.
   rCorr:     It protects you from acid and corrosion.
 E - a +1 leather armour of fire resistance
 K - a +0 cloak (worn)
 P - a +0 pair of gloves (worn)
 U - a +2 robe of fire resistance
 V - a +2 robe of willpower
 X - a +0 troll leather armour
 Z - a +0 helmet (worn)
Jewellery
 f - an amulet of regeneration (around neck)
 o - a +4 ring of protection
 x - the ring "Joof" (left hand) {Drain rElec rN+ Dex+6}
   (You bought it in a shop on level 2 of the Orcish Mines)

   [ring of dexterity]

   Dex:       It affects your dexterity (+6).
   rElec:     It insulates you from electricity.
   rN:        It protects you from negative energy.
   Drain:     It drains your maximum health when unequipped.
 R - a +4 ring of slaying (right hand)
Wands
 p - a wand of polymorph (3)
Scrolls
 b - 4 scrolls of poison
 d - 2 scrolls of amnesia
 e - 2 scrolls of vulnerability
 j - 8 scrolls of immolation
 k - 3 scrolls of teleportation
 s - 5 scrolls of fog
 t - a scroll of brand weapon
 A - a scroll of silence
 B - 2 scrolls of enchant armour
 D - a scroll of noise
 G - 3 scrolls of torment
 O - 3 scrolls of fear
 Q - 3 scrolls of magic mapping
 T - 2 scrolls of blinking
 Y - a scroll of butterflies
Potions
 h - 5 potions of haste
 i - a potion of invisibility
 l - a potion of brilliance
 m - 3 potions of magic
 n - a potion of cancellation {unknown}
 z - 2 potions of resistance
 C - 6 potions of curing
 F - a potion of flight
 H - 3 potions of heal wounds
 I - 6 potions of mutation
 L - 4 potions of lignification
 M - 3 potions of might
 N - a potion of berserk rage


   Skills:
 * Level 8.9 Fighting
 - Level 18.0 Ranged Weapons
 - Level 8.0 Armour
 * Level 10.6 Dodging
 - Level 5.0 Spellcasting
 - Level 8.0 Hexes
 * Level 3.2 Translocations
 - Level 3.0 Fire Magic
 - Level 12.0 Invocations


You had 11 spell levels left.
You knew the following spells:

 Your Spells              Type           Power      Damage    Failure   Level
a - Cause Fear            Hex            9%         N/A       11%         4
i - Inner Flame           Hex/Fire       13%        N/A       9%          3
p - Portal Projectile     Hex/Tloc       26%        N/A       9%          3
B - Blink                 Tloc           16%        N/A       12%         2
S - Slow                  Hex            72%        N/A       1%          1

Your spell library contained the following spells:

 Spells                   Type           Power      Damage    Failure   Level
 Lesser Beckoning         Tloc           16%        N/A       12%         2
 Momentum Strike          Conj/Tloc      10%        3d8       22%         2
 Cigotuvi's Dreadful Rot  Necr/Pois/Air  4%         N/A       41%         2
 Ignite Poison            Fire/Tmut/Pois 4%         N/A       50%         3
 Freezing Cloud           Conj/Ice/Air   1%         6-21      100%        5


Dungeon Overview and Level Annotations

Branches:
Dungeon (11/15) Zot: 1308  Temple (1/1) D:7 Zot: 370    Lair (5/5) D:8 Zot: 1313
  Swamp (0/4) Lair:2       Spider (0/4) Lair:3        Slime (0/5) Lair:5
    Orc (2/2) D:11 Zot: 154     Elf (1/3) Orc:2 Zot: 593 Volcano (visited)

Altars:
Ashenzari
Cheibriados
Dithmenos
Elyvilon
Fedhas
Gozag
Hepliaklqana
Kikubaaqudgha
Makhleb
Nemelex Xobeh
Okawaru
Qazlal
Ru
Sif Muna
Trog
Uskayaw
Vehumet
Wu Jian
Xom
Zin
The Shining One
Jiyva

Shops:
D:7 ![   Orc:2 =*([

Annotations:
D:8 2 transporters, persistantfolly's ghost, novice AtBr
D:9 1 transporter


Innate Abilities, Weirdness & Mutations

You passively map the area around you.
You are easily found by Zot.
You glow in the dark.
You regain HP and MP as you explore.
You are strong-willed. (Will+)
You are weak. (Str -2)


Message History

You hear a bellow!
A yak comes into view.
You hear a bellow!
Really read the scroll of immolation?
As you read the scroll of immolation, it crumbles to dust.
The creatures around you are filled with an inner flame!
The rime drake breathes ice at you. The icy flash freeze hits you!
You are encased in ice.
You shoot an arrow. The arrow hits the death yak!!
Flame seeps out of the death yak.
The death yak is moderately wounded.
You hear a roar!
A lindwurm comes into view.
A yak comes into view.
The death yak is engulfed in blazing flames.
Flame seeps out of the death yak.
A yak comes into view.
Fire: w) +7 longbow "Obisotio" {heavy, rN+ Int-5 Stlth+}
Press: ? - help, Q - select action, (/) - cycle Shift-Dir - straight line, f - yak, p - death yak
Aim: a yak (inner flame, 84% to hit)
You shoot an arrow. The arrow closely misses the yak.
The yak bellows!
The lindwurm roars!
The arrow hits the death yak!!!
Flame seeps out of the death yak.
The death yak is severely wounded.
You hear a bellow!
You hear a trumpeting!
A yak comes into view.
Fire: w) +7 longbow "Obisotio" {heavy, rN+ Int-5 Stlth+}
Press: ? - help, Q - select action, (/) - cycle Shift-Dir - straight line, f/p - yak
Aim: a yak (inner flame, 84% to hit)
You shoot an arrow.
The arrow hits the yak but does no damage.
The yak is engulfed in blazing flames.
Flame seeps out of the yak.
A yak comes into view.
The death yak is engulfed in blazing flames.
Flame seeps out of the death yak.
The death yak misses you.
Fire: w) +7 longbow "Obisotio" {heavy, rN+ Int-5 Stlth+}
Press: ? - help, Q - select action, (/) - cycle Shift-Dir - straight line, f/p - yak
Aim: a yak (inner flame, 84% to hit)
You shoot an arrow. The arrow hits the yak!!!
Okawaru accepts your kill.
The yak explodes!
The fiery explosion engulfs the death yak.
Flame seeps out of the death yak.
The death yak is heavily wounded.
The fiery explosion engulfs you!! You resist.
The fiery explosion engulfs the death yak!!
Flame seeps out of the death yak.
The death yak is moderately wounded.
You are engulfed in blazing flames.
You resist. The ice encasing you melts away.
You hear a deafening roar!
You hear a croak.
You hear a trumpeting!
A yak comes into view.
The death yak is engulfed in blazing flames.
Flame seeps out of the death yak.
The death yak gores you! The rime drake breathes ice at you.
The icy flash freeze hits you!!
* * * LOW HITPOINT WARNING * * *
You are encased in ice.
Unknown command.
The death yak is engulfed in blazing flames.
Flame seeps out of the death yak.
The death yak is engulfed in blazing flames.
Flame seeps out of the death yak.
The yak is engulfed in blazing flames.
Flame seeps out of the yak.
The death yak is engulfed in blazing flames.
Flame seeps out of the death yak.
The death yak barely misses you.
The death yak is engulfed in blazing flames.
Flame seeps out of the death yak.
The death yak completely misses you.
The death yak is engulfed in blazing flames.
Flame seeps out of the death yak.
The death yak is engulfed in blazing flames.
Flame seeps out of the death yak.
The yak is engulfed in blazing flames.
Flame seeps out of the yak.
The rime drake is engulfed in blazing flames.
Flame seeps out of the rime drake.
The yak is engulfed in blazing flames.
Flame seeps out of the yak.
The rime drake is engulfed in blazing flames.
Flame seeps out of the rime drake.
The ice encasing you melts away.
The yak is engulfed in blazing flames.
Okawaru accepts your kill.
The yak explodes!
The fiery explosion engulfs the rime drake!!
Flame seeps out of the rime drake.
The rime drake is almost dead.
The yak is engulfed in blazing flames.
Flame seeps out of the yak.
The yak is engulfed in blazing flames.
Flame seeps out of the yak.
The death yak gores you!!
* * * LOW HITPOINT WARNING * * *
The rime drake is engulfed in blazing flames.
Okawaru accepts your kill.
The rime drake explodes!
The fiery explosion engulfs the yak!!
Flame seeps out of the yak.
The yak is severely wounded.
The yak is engulfed in blazing flames.
Flame seeps out of the yak.
The yak is engulfed in blazing flames.
Flame seeps out of the yak.
The death yak gores you!
You die...

, , ..# , , ,, , * *
#.######### ,,* ,
...#######...##.#.###* , ,,
...##...#....#......#* , ,,,,
...##...##....#.....# ,,, ,,,
, , ...##...##...+.†....# ,,
,. ...####.###..######)# , ,..
..^##.#†####'#.###### *..
....#.........+.@Y..# ,*.# ,
...[...†.##...#..Y§.# ..#..
....#....##...##..§Y##......,,
..†.#######+.+#.###Y§§.Y.... ,
....#. * ....#**##§§YY#Y..,
........ ....., .§§...Y..
..P....# ...... ...#.##... ,,,
..###...##........###### .. ,
..# ,...# , , .. , , ,. ,,


You could see 2 death yaks and 4 yaks.

Vanquished Creatures
  An orc warlord (Orc:2)
  An ettin (Orc:2)
  Josephine (D:10)
  Erolcha (Orc:1)
  A ghost crab (Lair:2)
  2 hydras
  A two-headed ogre (Orc:2)
  2 orc high priests (Orc:2)
  2 skeletal warriors (Volcano)
  A lindwurm (Lair:3)
  An orc knight (Orc:2)
  2 anaconda skeletons (Volcano)
  An oklob plant (Lair:3)
  2 manticores
  2 orc sorcerers
  A cyclops (Orc:2)
  4 black mambas
  9 elephants
  5 cane toads
  3 gargoyles (Volcano)
  6 komodo dragons
  An unseen horror (D:11)
  4 rime drakes
  2 polar bears (Lair:2)
  A hornet (D:11)
  4 trolls
  A harpy skeleton (Volcano)
  A dream sheep (Lair:5)
  32 blink frogs
  Grinder (D:5)
  2 flying skulls (Volcano)
  Sigmund (D:5)
  7 wyverns
  3 wraiths (D:10)
  A spectral komodo dragon (Lair:2)
  A basilisk (D:8)
  A steam dragon (D:9)
  23 yaks
  3 vampire mosquitoes (D:10)
  3 redbacks (Lair:3)
  2 wargs (Orc:2)
  Menkaure (D:5)
  A spectral cane toad (Lair:2)
  An acid dragon (D:8)
  4 water moccasins
  A spectral polar bear (Lair:2)
  37 orc warriors
  2 ice beasts
  2 sky beasts (D:6)
  10 ogres
  A black bear (Lair:2)
  2 centaurs
  4 wolves (Lair:2)
  A phantom (D:4)
  2 kobold brigands
  7 bullfrogs
  2 gnoll sergeants
  11 wights
  An electric eel (Lair:3)
  2 troll skeletons (Volcano)
  2 hounds (D:5)
  A jelly (D:8)
  23 orc priests
  27 orc wizards
  An iguana (D:5)
  4 hell rats (Lair:5)
  8 gnolls
  9 adders
  4 river rats (Lair:5)
  A shadow imp (D:5)
  3 white imps (D:5)
  An ufetubus (D:4)
  3 worms
  4 dart slugs
  90 orcs
  5 bats
  7 endoplasms
  2 giant cockroaches
  12 goblins
  5 hobgoblins
  3 jackals (D:4)
  4 quokkas
  4 ball pythons
  2 frilled lizards
  13 kobolds
  15 rats
488 creatures vanquished.

Vanquished Creatures (others)
  13 fungi
  11 plants
24 creatures vanquished.

Grand Total: 512 creatures vanquished

Notes
Turn   | Place    | Note
-------+----------+-------------------------------------------
     0 | D:1      | browni3141 the Meteoran Hexslinger began the quest for the
                  | Orb.
     0 | D:1      | Reached XP level 1. HP: 16/16 MP: 3/3
    91 | D:2      | Reached XP level 2. HP: 24/24 MP: 5/5
   179 | D:1      | Reached XP level 3. HP: 22/30 MP: 6/6
   285 | D:1      | Reached skill level 3 in Fighting
   293 | D:1      | Learned a level 3 spell: Inner Flame
   537 | D:2      | Reached XP level 4. HP: 38/38 MP: 7/7
   579 | D:2      | Reached skill level 3 in Ranged Weapons
   745 | D:3      | Reached XP level 5. HP: 45/45 MP: 5/8
   816 | D:3      | Reached skill level 4 in Ranged Weapons
   884 | D:3      | Noticed an ogre
   932 | D:3      | Killed an ogre
   933 | D:3      | Reached skill level 3 in Fire Magic
   933 | D:3      | Reached XP level 6. HP: 51/51 MP: 2/9
  1202 | D:2      | Found a faded altar of an unknown god.
  1380 | D:2      | Reached skill level 3 in Dodging
  1520 | D:4      | Reached skill level 3 in Spellcasting
  1520 | D:4      | Reached XP level 7. HP: 32/57 MP: 10/12
  1749 | D:5      | Entered Level 5 of the Dungeon
  1768 | D:4      | Learned a level 4 spell: Cause Fear
  1815 | D:4      | Reached skill level 5 in Ranged Weapons
  1839 | D:5      | Found a bloodstained altar of Trog.
  1875 | D:5      | Reached skill level 6 in Ranged Weapons
  1875 | D:5      | Reached XP level 8. HP: 45/63 MP: 3/13
  1967 | D:5      | Reached skill level 7 in Ranged Weapons
  1988 | D:5      | Noticed Menkaure
  1991 | D:5      | Killed Menkaure
  1992 | D:5      | Reached skill level 8 in Ranged Weapons
  2078 | D:5      | Noticed Grinder
  2085 | D:5      | Killed Grinder
  2129 | D:5      | Noticed Sigmund
  2135 | D:5      | Killed Sigmund
  2136 | D:5      | Reached skill level 6 in Hexes
  2136 | D:5      | Gained mutation: You passively map the area around you.
                  | [Meteoran growth]
  2136 | D:5      | Reached XP level 9. HP: 59/70 MP: 11/17
  2358 | D:6      | Reached skill level 6 in Dodging
  2362 | D:6      | Learned a level 3 spell: Portal Projectile
  2668 | D:6      | HP: 3/74 [orc priest/divine providence (15)]
  2670 | D:6      | Gained mutation: You are weak. (Str -2) [potion of
                  | mutation]
  2670 | D:6      | Gained mutation: You are strong-willed. (Will+) [potion of
                  | mutation]
  2738 | D:7      | Found a staircase to the Ecumenical Temple.
  2757 | D:7      | Reached skill level 3 in Translocations
  2768 | D:7      | Reached XP level 10. HP: 61/81 MP: 4/18
  2780 | Temple   | Entered the Ecumenical Temple
  2957 | Temple   | Became a worshipper of Warmaster Okawaru
  3085 | D:7      | Found Palaqed's Distillery.
  3093 | D:7      | Bought a potion of curing for 39 gold pieces
  3093 | D:7      | Bought a potion of degeneration for 13 gold pieces
  3093 | D:7      | Bought a potion of lignification for 39 gold pieces
  3233 | D:7      | Found Xeluoq's Armour Shop.
  3358 | D:7      | Reached skill level 9 in Ranged Weapons
  3441 | D:7      | Reached * piety under Okawaru
  3648 | D:8      | Reached skill level 10 in Ranged Weapons
  3786 | D:8      | Found a transporter.
  3790 | D:8      | Noticed persistantfolly's ghost (novice AtBr)
  3792 | D:8      | Found a transporter.
  3887 | D:8      | Noticed a manticore
  3952 | D:9      | Found a transporter.
  4028 | D:9      | Reached ** piety under Okawaru
  4054 | D:9      | Noticed a manticore
  4065 | D:9      | Killed a manticore
  4066 | D:9      | Reached skill level 6 in Fighting
  4066 | D:9      | Reached XP level 11. HP: 58/89 MP: 13/19
  4164 | D:9      | Reached skill level 11 in Ranged Weapons
  4216 | D:10     | Entered Level 10 of the Dungeon
  4441 | D:10     | Reached *** piety under Okawaru
  4543 | D:10     | Reached skill level 9 in Dodging
  4634 | D:10     | Noticed Josephine
  4645 | D:10     | Killed Josephine
  4647 | D:10     | Reached **** piety under Okawaru
  4968 | D:11     | Found a staircase to the Orcish Mines.
  4972 | D:11     | Noticed a manticore
  4984 | D:11     | Killed a manticore
  5013 | Orc:1    | Entered Level 1 of the Orcish Mines
  5069 | Orc:1    | Reached skill level 12 in Ranged Weapons
  5165 | Orc:2    | Entered Level 2 of the Orcish Mines
  5166 | Orc:2    | Noticed a two-headed ogre
  5172 | Orc:2    | Killed a two-headed ogre
  5172 | Orc:2    | Reached ***** piety under Okawaru
  5173 | Orc:2    | Reached skill level 3 in Invocations
  5173 | Orc:2    | Reached XP level 12. HP: 101/101 MP: 14/20
  5271 | Orc:2    | Noticed an orc knight
  5288 | Orc:2    | Killed an orc knight
  5289 | Orc:2    | Reached skill level 6 in Invocations
  5334 | Orc:2    | Found Menaawna's Magic Scroll Shop.
  5342 | Orc:2    | Bought 2 scrolls of identify for 40 gold pieces
  5342 | Orc:2    | Bought a scroll of fog for 40 gold pieces
  5342 | Orc:2    | Bought a scroll of fear for 40 gold pieces
  5342 | Orc:2    | Bought a scroll of noise for 10 gold pieces
  5342 | Orc:2    | Bought a scroll of fog for 40 gold pieces
  5345 | Orc:2    | Bought a scroll of enchant armour for 75 gold pieces
  5345 | Orc:2    | Bought a scroll of silence for 95 gold pieces
  5345 | Orc:2    | Bought a scroll of vulnerability for 40 gold pieces
  5345 | Orc:2    | Bought a scroll of poison for 40 gold pieces
  5530 | Orc:2    | Found Onoext's Jewellery Emporium.
  5677 | Orc:2    | Found a staircase to the Elven Halls.
  5772 | Orc:1    | Reached skill level 9 in Invocations
  5776 | Orc:1    | You fall into a shaft and drop 1 floor!
  5822 | Orc:1    | Noticed Erolcha
  5842 | Orc:1    | Killed Erolcha
  5955 | Orc:2    | Noticed an ettin
  5975 | Orc:2    | Killed an ettin
  5987 | Orc:2    | Noticed an orc warlord
  6005 | Orc:2    | Killed an orc warlord
  6013 | Orc:2    | Reached skill level 13 in Ranged Weapons
  6083 | Orc:2    | Noticed an orc high priest
  6084 | Orc:2    | Reached XP level 13. HP: 88/107 MP: 7/21
  6116 | Orc:2    | Reached skill level 14 in Ranged Weapons
  6147 | Orc:2    | Found Qanade's Antique Weapon Shoppe.
  6149 | Orc:2    | Found Tatixung's Antique Armour Emporium.
  6162 | Orc:2    | Bought a spiked leather armour for 196 gold pieces
  6162 | Orc:2    | Identified the +3 leather armour of Sunlight {-Tele rF+
                  | rCorr Dex+3} (You bought it in a shop on level 2 of the
                  | Orcish Mines)
  6189 | Orc:2    | Found Ofack's Overcharged Wands.
  6213 | Orc:2    | Glimpsed the power of Zot.
  6263 | Orc:2    | Glimpsed the power of Zot.
  6283 | Elf:1    | Entered Level 1 of the Elven Halls
  6309 | Orc:2    | Glimpsed the power of Zot.
  6319 | Orc:2    | Touched by the power of Zot.
  6327 | Orc:2    | Bought the ring "Joof" {Drain rElec rN+ Dex+6} for 729 gold
                  | pieces
  6382 | D:11     | Identified the +7 longbow "Obisotio" {heavy, rN+ Int-5
                  | Stlth+} (Okawaru gifted it to you on level 11 of the
                  | Dungeon)
  6382 | D:11     | Received a gift from Okawaru
  6742 | D:8      | Reached skill level 15 in Ranged Weapons
  6761 | D:8      | Found a staircase to the Lair.
  6790 | Lair:1   | Entered Level 1 of the Lair of Beasts
  7058 | Lair:1   | Reached skill level 16 in Ranged Weapons
  7092 | Lair:1   | Reached ****** piety under Okawaru
  7173 | Lair:2   | Received a gift from Okawaru
  7421 | Lair:2   | Reached skill level 17 in Ranged Weapons
  7425 | Lair:2   | Noticed a ghost crab
  7427 | Lair:2   | Killed a ghost crab
  7440 | Lair:2   | Reached XP level 14. HP: 84/93 MP: 22/22
  7666 | Lair:3   | Found a hole to the Spider Nest.
  7714 | Lair:3   | Found a dark tunnel.
  7738 | Volcano  | Entered a volcano
  7810 | Volcano  | Reached skill level 18 in Ranged Weapons
  8119 | Lair:3   | Reached skill level 12 in Invocations
  8120 | Lair:3   | Received a gift from Okawaru
  8172 | Lair:3   | Reached skill level 3 in Armour
  8314 | Lair:4   | Reached skill level 6 in Armour
  8573 | Lair:5   | Entered Level 5 of the Lair of Beasts
  8592 | Lair:5   | Reached XP level 15. HP: 51/101 MP: 21/25
  8595 | Lair:5   | Found a viscous altar of Jiyva.
  8596 | Lair:5   | Found a staircase to the Slime Pits.
  8640 | Lair:5   | Learned a level 2 spell: Blink
  8719 | Lair:5   | Slain by a death yak

Illustrated notes

Levels and vault maps discovered:
D:1:      evilmike_arrival_hilbert_curve, layout_basic,
          dreamdust_mushroom_princess
D:2:      layout_basic, shapermc_ecumenical_altar_flowoftime, serial_shops,
          shop, minmay_misc_feat_iff
D:3:      layout_basic, kennysheep_big_empty_room
D:4:      layout_rooms, kennysheep_generic_room_8
D:5:      layout_rooms, trog_butcher_becter, minmay_crossroads, uniq_grinder,
          uniq_menkaure, uniq_sigmund
D:6:      layout_rooms, nrook_loot_triangle
D:7:      minmay_flawed_box, layout_basic,
          minmay_temple_entry_statues_fountains, serial_shops,
          nicolae_shop_industrial_runoff, shop, uniq_crazy_yiuf_cottage
D:8:      layout_loops_ring, marbit_many_paths, erik_lair_dragon,
          nzn_ghost_randoct
D:9:      layout_loops_ring, gammafunk_ghost_stat_death
D:10:     layout_gridville, uniq_josephine
D:11:     layout_loops_ring, david_orc_2
Temple:   mainiacjoe_temple_cubbyholes
Lair:1:   layout_gridlike, lemuel_fruit_tree
Lair:2:   layout_regular_city, nicolae_swamp_entry_spooky
Lair:3:   layout_cellular_growth, spider_nest_entry_webs,
          nicolae_volcano_entry_vermiform, minivault_24, serial_bayou_shore_a
Lair:4:   layout_regular_city, grunt_megastairs_5
Lair:5:   grunt_lair_end_beastmaster, layout_regular_city, slime_entry_1,
          grunt_forest_small_clearings, kennysheep_abandoned_house,
          infiniplex_staircase_pool, uniq_urug
Orc:1:    layout_caves, uniq_erolcha
Orc:2:    grunt_orc_community_town_hall, layout_caves,
          grunt_orc_community_big_house_1, grunt_orc_community_big_house_1,
          grunt_orc_community_house_3, grunt_orc_community_house_2,
          grunt_orc_community_house_2, grunt_orc_community_house_2,
          grunt_orc_community_house_2, grunt_orc_community_house_3,
          nicolae_shop_overcharged_wands
Elf:1:    layout_loops_ring, minmay_elf_crystal_hexagon

Skill      XL: |  1  2  3  4  5  6  7  8  9 10 11 12 13 14 |
---------------+-------------------------------------------+-----
Fighting       | 2 3 5 6 8 |  8.9
Ranged Weapons | 3 4 6 8 10 12 13 17 18 | 18.0
Fire Magic     | 1 3 |  3.0
Hexes          | 4 5 6 7 8 |  8.0
Dodging        | 3 6 8 10 | 10.6
Spellcasting   | 3 5 |  5.0
Translocations | 3 |  3.2
Invocations    | 3 10 12 | 12.0
Armour         | 8 |  8.0

Action                     |  1- 3 |  4- 6 |  7- 9 | 10-12 | 13-15 || total
---------------------------+-------+-------+-------+-------+-------++-------
   Fire: Sling             |    84 |   160 |   273 |     9 |       ||   526
         Shortbow          |       |       |       |   649 |    56 ||   705
         Longbow           |       |       |       |       |   345 ||   345
  Throw: Dart              |       |       |       |     2 |       ||     2
   Cast: Slow              |     4 |    11 |    25 |    14 |       ||    54
         Inner Flame       |       |     4 |    25 |    56 |     9 ||    94
         Cause Fear        |       |       |     1 |    11 |     2 ||    14
 Invoke: Heroism           |       |       |       |     3 |     1 ||     4
         Finesse           |       |       |       |     2 |       ||     2
    Use: Scroll            |       |     3 |       |    12 |     8 ||    23
         Potion            |       |       |     1 |     1 |       ||     2
 Armour: Robe              |    17 |    46 |    79 |   106 |    19 ||   267
         Leather armour    |       |       |       |       |    14 ||    14
  Dodge: Dodged            |    22 |    76 |   111 |   213 |   160 ||   582
